 Dungeon Crawl Stone Soup version 0.30-a0-424-g7412bad402 (webtiles) character file.

Game seed: 13527777112692462722

6673 Bnni the Jinx (level 11, 0/83 HPs)
             Began as a Formicid Hexslinger on Dec 8, 2022.
             Was a High Priest of Okawaru.
             Slain by a skeletal warrior
             ... wielding a +0 battleaxe
              (24 damage)
             ... on level 10 of the Dungeon on Dec 9, 2022.
             The game lasted 00:38:50 (10574 turns).

Bnni the Jinx (Formicid Hexslinger)                Turns: 10574, Time: 00:38:51

Health: 0/83       AC: 10    Str: 19    XL:     11   Next: 23%
Magic:  3/17       EV: 11    Int: 22    God:    Okawaru [*****.]
Gold:   265        SH:  6    Dex: 14    Spells: 4/18 levels left

rFire   . . .      SeeInvis +    x - +4 demon blade (elec)
rCold   . . .      Faith    .    F - +0 buckler
rNeg    . . .      Spirit   .    G - +3 leather armour
rPois   +          Reflect  .    (helmet unavailable)
rElec   .          Harm     .    J - +2 cloak of the Sea {Str+3}
rCorr   .          Rampage  .    (no gloves)
Will    +....                    h - +0 pair of boots
Stlth   +.........               (no amulet)
HPRegen 0.33/turn                f - ring of poison resistance
MPRegen 0.15/turn                C - +6 ring of intelligence

@: mighty
A: permanent stasis, dig shafts and tunnels, antennae 3, four strong arms
a: Dig, Shaft Self, Renounce Religion, Heroism, Finesse, Duel


You were on level 10 of the Dungeon.
You worshipped Okawaru.
Okawaru was extremely pleased with you.
You visited 2 branches of the dungeon, and saw 11 of its levels.

You collected 535 gold pieces.
You spent 270 gold pieces at shops.

Inventory:

Hand Weapons
 x - a +4 demon blade of electrocution (weapon)
 H - a +0 shortbow
 N - a +2 arbalest of draining
Missiles
 t - 15 poisoned darts
 y - 8 curare-tipped darts
Armour
 h - a +0 pair of boots (worn)
 F - a +0 buckler (worn)
 G - a +3 leather armour (worn)
 J - the +2 cloak of the Sea (worn) {Str+3}
   (You acquired it on level 6 of the Dungeon)

   Str:       It affects your strength (+3).
Jewellery
 f - a ring of poison resistance (left hand)
 q - a ring of ice
 r - a ring of protection from cold
 C - a +6 ring of intelligence (right hand)
Wands
 v - a wand of flame (8)
 E - a wand of light (6)
 I - a wand of polymorph (4)
 O - a wand of roots (5)
Scrolls
 b - 2 scrolls of poison
 d - 4 scrolls of fear
 i - a scroll of enchant weapon {unknown}
 k - 3 scrolls of fog {unknown}
 l - 4 scrolls of teleportation {unknown}
 m - a scroll of immolation
 p - 4 scrolls of enchant armour {unknown}
 s - 2 scrolls of torment {unknown}
 z - 3 scrolls of vulnerability {unknown}
 A - 3 scrolls of brand weapon {unknown}
 B - a scroll of magic mapping {unknown}
 D - a scroll of blinking {unknown}
 L - a scroll of noise {unknown}
Potions
 a - a potion of cancellation {unknown}
 c - 2 potions of attraction
 e - 2 potions of invisibility {unknown}
 g - 3 potions of heal wounds
 n - 6 potions of curing {unknown}
 o - a potion of flight
 u - 2 potions of resistance {unknown}
 w - a potion of mutation {unknown}
 K - 3 potions of might
 M - a potion of berserk rage {unknown}


   Skills:
 + Level 6.7 Fighting
 * Level 9.1 Ranged Weapons
 - Level 4.0 Armour
 - Level 1.7 Dodging
 + Level 7.5 Shields
 - Level 4.1 Spellcasting
 + Level 9.7 Hexes
 - Level 2.0 Translocations
 - Level 2.0 Fire Magic
 + Level 5.4 Invocations


You had 4 spell levels left.
You knew the following spells:

 Your Spells              Type           Power      Damage    Failure   Level
a - Slow                  Hex            100%       N/A       1%          1
b - Inner Flame           Hex/Fire       30%        N/A       4%          3
c - Portal Projectile     Hex/Tloc       60%        N/A       4%          3
d - Cause Fear            Hex            23%        N/A       2%          4
e - Dazzling Flash        Conj/Hex       50%        N/A       6%          3

Your spell library contained the following spells:

 Spells                   Type           Power      Damage    Failure   Level
 Momentum Strike          Conj/Tloc      16%        3d8       16%         2
 Lesser Beckoning         Tloc           26%        N/A       21%         3
 Kindle Blastsparks       Fire/Tloc/Air  20%        2d11      26%         3
 Ignite Poison            Fire/Tmut/Pois 7%         N/A       34%         3
 Silence                  Hex/Air        12%        N/A       52%         5
 Agony                    Necr           4%         N/A       99%         5
 Freezing Cloud           Conj/Ice/Air   2%         6-21      99%         5
 Blink                    Tloc           Unusable   N/A       N/A         2

Dungeon Overview and Level Annotations

Branches:
Dungeon (10/15)            Temple (1/1) D:4             Orc (0/2) D:9
   Lair: D:8-11

Altars:
Ashenzari
Dithmenos
Elyvilon
Fedhas
Gozag
Hepliaklqana
Makhleb
Okawaru
Ru
Trog
Uskayaw
Vehumet
The Shining One

Shops:
D:6 *   D:8 (

Annotations:
D:1 1 transporter
D:8 2 transporters, LetschGu's ghost, novice DjHW


Innate Abilities, Weirdness & Mutations

You cannot be hasted, slowed, berserked, paralysed or teleported.
You can dig through walls and to a lower floor.
You have a pair of large antennae on your head. (SInv)
Your four strong arms can wield two-handed weapons with a shield.


Message History

The skeletal warrior is moderately damaged.
The skeletal warrior hits you with a +0 battleaxe.
You hit the skeletal warrior but do no damage.
The skeletal warrior is moderately damaged.
The skeletal warrior hits you with a +0 battleaxe!
You slash the skeletal warrior!
The skeletal warrior is heavily damaged.
The skeletal warrior hits you but does no damage.
You slash the skeletal warrior!
The skeletal warrior is severely damaged.
The skeletal warrior hits you with a +0 battleaxe!!
You closely miss the skeletal warrior.
The skeletal warrior is severely damaged.
The skeletal warrior hits you but does no damage.
You slash the skeletal warrior!
The skeletal warrior is almost destroyed.
The skeletal warrior hits you with a +0 battleaxe!
* * * LOW HITPOINT WARNING * * *
You closely miss the skeletal warrior.
The skeletal warrior is almost destroyed.
The skeletal warrior hits you with a +0 battleaxe!
* * * LOW HITPOINT WARNING * * *
The skeletal warrior hits you with a +0 battleaxe!
* * * LOW HITPOINT WARNING * * *
You hit the skeletal warrior.
The skeletal warrior is almost destroyed.
The skeletal warrior hits you with a +0 battleaxe!
* * * LOW HITPOINT WARNING * * *
You hit the skeletal warrior.
The skeletal warrior is almost destroyed.
You feel less wooden.
The +2 cloak of the Sea {Str+3} unmelds from your body.
Your +0 pair of boots unmelds from your body.
Your +3 leather armour unmelds from your body.
The skeletal warrior hits you with a +0 battleaxe.
* * * LOW HITPOINT WARNING * * *
It was a potion of heal wounds.
You feel much better.
You feel like a meek peon again.
The skeletal warrior hits you with a +0 battleaxe!!
You die...

###
##############.....
#.....##.@zzzz.....
# ###)'..#####.....
#. #...#### z..
#.###.### { .
#.......# ###'#####
#.### #...## ###..#


You could see 4 skeletal warriors.

Vanquished Creatures
  Sonja (D:10)
  A skeletal warrior (D:10)
  Amaemon (D:10)
  An orange demon (D:10)
  A komodo dragon (D:10)
  A troll (D:10)
  Grinder (D:6)
  8 yaks
  Edmund (D:4)
  A black bear (D:4)
  An ice beast (D:7)
  A sky beast (D:6)
  Pargi (D:4)
  2 orc warriors (D:8)
  2 ogres (D:5)
  3 centaurs
  A kobold brigand (D:8)
  6 bullfrogs
  A scorpion (D:7)
  A necrophage (D:4)
  4 wights
  4 killer bees
  2 howler monkeys (D:8)
  2 jellies
  2 hounds
  2 orc priests
  Crazy Yiuf (D:3)
  Jessica (D:2)
  2 iguanas
  9 orc wizards
  A gnoll (D:1)
  14 adders
  3 white imps
  3 ufetubi
  4 worms
  5 dart slugs
  34 orcs
  3 ball pythons
  8 bats
  7 endoplasms
  4 giant cockroaches (D:1)
  5 goblins
  9 hobgoblins
  21 jackals
  3 quokkas
  A frilled lizard (D:1)
  12 kobolds
  6 rats
208 creatures vanquished.

Vanquished Creatures (others)
  A fungus (D:3)
  4 plants (D:2)
5 creatures vanquished.

Grand Total: 213 creatures vanquished

Notes
Turn   | Place    | Note
-------+----------+-------------------------------------------
     0 | D:1      | Bnni the Formicid Hexslinger began the quest for the Orb.
     0 | D:1      | Reached XP level 1. HP: 15/15 MP: 2/2
    79 | D:1      | Reached XP level 2. HP: 21/21 MP: 3/3
   268 | D:1      | Reached skill level 1 in Fire Magic
   339 | D:1      | Reached XP level 3. HP: 26/26 MP: 4/4
   354 | D:1      | Learned a level 3 spell: Inner Flame
   625 | D:1      | Reached XP level 4. HP: 32/32 MP: 6/6
   723 | D:2      | Noticed Jessica
   730 | D:2      | Killed Jessica
   904 | D:2      | Reached XP level 5. HP: 36/38 MP: 7/7
  1006 | D:2      | Found a faded altar of an unknown god.
  1853 | D:3      | Learned a level 4 spell: Cause Fear
  2479 | D:3      | Reached XP level 6. HP: 40/44 MP: 9/9
  2576 | D:3      | Found a runed translucent door.
  2577 | D:3      | Noticed Crazy Yiuf
  2585 | D:3      | Killed Crazy Yiuf
  2586 | D:3      | Reached skill level 5 in Hexes
  2882 | D:4      | Noticed Edmund
  2885 | D:4      | Noticed a black bear
  2887 | D:4      | Noticed Pargi
  2899 | D:4      | Killed a black bear
  2907 | D:4      | Killed Edmund
  2908 | D:4      | Reached XP level 7. HP: 21/52 MP: 9/11
  2947 | D:4      | Killed Pargi
  3150 | D:4      | Learned a level 3 spell: Portal Projectile
  3296 | D:4      | Found a staircase to the Ecumenical Temple.
  3304 | Temple   | Entered the Ecumenical Temple
  3377 | Temple   | Became a worshipper of Warmaster Okawaru
  3614 | D:4      | Reached XP level 8. HP: 54/58 MP: 12/12
  3684 | D:5      | Entered Level 5 of the Dungeon
  3722 | D:5      | Reached skill level 5 in Ranged Weapons
  3722 | D:5      | Reached skill level 1 in Translocations
  3921 | D:5      | Reached * piety under Okawaru
  4632 | D:6      | Reached skill level 1 in Armour
  4632 | D:6      | Reached skill level 1 in Shields
  4902 | D:6      | Noticed Grinder
  4915 | D:6      | Killed Grinder
  4916 | D:6      | Reached XP level 9. HP: 65/65 MP: 7/14
  5315 | D:6      | Found Ytsuezu's Assorted Antiques.
  5318 | D:6      | Bought a scroll labelled COGIETUASI for 23 gold pieces
  5319 | D:6      | Acquired the +2 cloak of the Sea {Str+3}
  5332 | D:6      | Bought a green potion for 20 gold pieces
  5332 | D:6      | Bought a viscous yellow potion for 20 gold pieces
  5332 | D:6      | Bought a viscous yellow potion for 20 gold pieces
  5712 | D:7      | Reached ** piety under Okawaru
  6969 | D:8      | Noticed LetschGu's ghost (novice DjHW)
  6969 | D:8      | Noticed a two-headed ogre
  6984 | D:8      | Found a bloodstained altar of Trog.
  6988 | D:8      | Noticed a moth of wrath
  6990 | D:8      | Found a transporter.
  6995 | D:8      | Found a transporter.
  7000 | D:8      | Upgraded the game from 0.30-a0-415-g685d318daa to
                  | 0.30-a0-424-g7412bad402
  7004 | D:8      | Learned a level 3 spell: Dazzling Flash
  7082 | D:8      | Found a blossoming altar of Fedhas.
  7122 | D:8      | Found Fileh's Antique Weapon Emporium.
  7130 | D:8      | Bought a glowing arbalest for 187 gold pieces
  7937 | D:9      | Reached skill level 5 in Shields
  8178 | D:8      | Reached skill level 1 in Invocations
  8206 | D:8      | Reached skill level 5 in Fighting
  8307 | D:8      | Reached XP level 10. HP: 63/74 MP: 16/16
  8972 | D:9      | Found a staircase to the Orcish Mines.
  9434 | D:10     | Entered Level 10 of the Dungeon
  9469 | D:10     | Reached *** piety under Okawaru
  9511 | D:10     | Noticed Amaemon
  9518 | D:10     | Noticed an orange demon
  9518 | D:10     | Killed Amaemon
  9556 | D:10     | Killed an orange demon
  9748 | D:10     | Reached **** piety under Okawaru
 10078 | D:10     | Noticed a komodo dragon
 10129 | D:10     | Killed a komodo dragon
 10365 | D:10     | Noticed Sonja
 10379 | D:10     | Killed Sonja
 10380 | D:10     | Reached skill level 5 in Invocations
 10380 | D:10     | Reached XP level 11. HP: 80/83 MP: 14/17
 10422 | D:10     | Noticed a skeletal warrior
 10431 | D:10     | Reached ***** piety under Okawaru
 10537 | D:10     | Noticed a skeletal warrior
 10541 | D:10     | Noticed a skeletal warrior
 10543 | D:10     | Noticed a skeletal warrior
 10544 | D:10     | Noticed a skeletal warrior
 10564 | D:10     | Killed a skeletal warrior
 10572 | D:10     | HP: 2/124 [skeletal warrior/+0 battleaxe (14)]
 10574 | D:10     | Slain by a skeletal warrior

Illustrated notes

Levels and vault maps discovered:
D:1:      spicycebolla_arrival_risky_transporter, layout_basic,
          ebering_dispersal_statue_hall
D:2:      layout_loops_ring, serial_forest, infiniplex_forest_side_room,
          infiniplex_forest_lined_3, infiniplex_forest_lined_3,
          infiniplex_forest_pool, infiniplex_forest_clump_long,
          infiniplex_forest_clump_C, infiniplex_forest_straight_2,
          shapermc_ecumenical_altar_totnotflames, uniq_jessica
D:3:      layout_loops_cross, kennysheep_generic_room_10,
          uniq_crazy_yiuf_cottage
D:4:      minmay_wonky_spiral, layout_rooms,
          minmay_temple_entry_statues_pillars, uniq_edmund, uniq_pargi
D:5:      layout_cave_pools, minivault_14, hangedman_abyss_or_decor_stagger,
          amcnicky_mini_pool_medium
D:6:      layout_gridville, serial_shops, nicolae_shop_window_shopping,
          uniq_grinder
D:7:      layout_basic, kennysheep_decorative_pillar, grunt_decor_fettered,
          water_boxes_lemuel
D:8:      layout_cave_pods, mainiacjoe_overflow_paths, serial_shops,
          nicolae_shop_statue_plus, gammafunk_ghost_wrathful_warriors
D:9:      layout_cross, dk_noncrumbling_3, kennysheep_generic_room_9
D:10:     layout_roguey, kennysheep_generic_room_7, uniq_sonja, uniq_amaemon
Temple:   mainiacjoe_temple_circle_huts

Skill      XL: |  1  2  3  4  5  6  7  8  9 10 11 |
---------------+----------------------------------+-----
Fire Magic     | 1 2 |  2.0
Hexes          | 4 5 6 7 8 9 |  9.7
Ranged Weapons | 3 4 5 6 8 9 |  9.1
Spellcasting   | 2 3 4 |  4.1
Fighting       | 2 3 4 5 6 |  6.7
Translocations | 2 |  2.0
Armour         | 2 4 |  4.0
Shields        | 2 5 7 |  7.5
Invocations    | 1 5 |  5.4
Dodging        | |  1.7

Action                   |  1- 3 |  4- 6 |  7- 9 | 10-12 || total
-------------------------+-------+-------+-------+-------++-------
Melee: Demon blade       |       |    33 |    73 |    28 ||   134
       Sling             |       |       |       |     5 ||     5
 Fire: Sling             |    81 |   288 |   316 |    53 ||   738
       Arbalest          |       |       |     3 |    10 ||    13
       Shortbow          |       |       |       |   118 ||   118
Throw: Dart              |       |     2 |     5 |       ||     7
 Cast: Slow              |       |     2 |    20 |    35 ||    57
       Cause Fear        |       |       |    10 |     9 ||    19
       Inner Flame       |       |       |    27 |    21 ||    48
       Dazzling Flash    |       |       |     3 |     1 ||     4
       Portal Projectile |       |       |     1 |     1 ||     2
Invok: Heroism           |       |       |       |     1 ||     1
  Use: Scroll            |       |     1 |     8 |       ||     9
       Potion            |       |       |       |     3 ||     3
Armor: Robe              |    16 |    62 |    57 |       ||   135
       Leather armour    |       |       |    80 |    31 ||   111
       Skin              |       |       |       |    10 ||    10
Dodge: Dodged            |    27 |   123 |   236 |    54 ||   440
Block: Buckler           |       |       |    54 |    35 ||    89

Table legend: (Time is in decaauts)
 A = Elapsed time spent in this place.
 B = Non-inter-level travel time spent in this place.
 C = Inter-level travel time spent in this place.
 D = Time resting spent in this place.
 E = Time spent auto-exploring this place.
 F = Levels seen in this place.
 G = Mean time per level.
                   A        B        C        D        E       F      G
               +--------+--------+--------+--------+--------+-----+--------+
         Total |  10783 |  10340 |    443 |   2241 |   5779 |  11 |  980.3 |
       Dungeon |  10699 |  10265 |    434 |   2241 |   5722 |  10 | 1069.9 |
        Temple |     83 |     74 |      9 |      0 |     57 |   1 |   83.0 |
               +--------+--------+--------+--------+--------+-----+--------+

Top non-repeatable levels by time:
     D:8: 2094 daAuts
     D:7: 1256 daAuts
     D:2: 1167 daAuts
    D:10: 1159 daAuts
     D:3: 981 daAuts
     D:6: 945 daAuts
     D:5: 879 daAuts
     D:4: 824 daAuts
     D:1: 747 daAuts
     D:9: 642 daAuts
  Temple: 83 daAuts
